 Dungeon Crawl Stone Soup version 0.31-a0-175-g9f7f995f2b (webtiles) character file.

Game seed: 7781790072489012396

421 frimble the Insei (level 6, -9/39 HPs)
             Began as an Octopode Warper on June 17, 2023.
             Mangled by Pikel
             ... wielding a +2 whip of flaming
              (14 damage)
             ... on level 3 of the Dungeon.
             The game lasted 00:06:42 (4723 turns).

frimble the Insei (Octopode Warper)                 Turns: 4723, Time: 00:06:43

Health: -9/39      AC:  1    Str: 17 (18) XL:     6   Next: 94%
Magic:  17/19      EV: 13    Int: 13 (15) God:
Gold:   261        SH:  0    Dex: 10 (12) Spells: 4/10 levels left

rFire   . .          .
                       - Unarmed
rCold   . . .        (no shield)
rNeg    . . .        (helmet restricted)
rPois   .            (no amulet)
rElec   .            g - +6 ring of strength
rCorr   .            h - ring of magical power
SInv    .            (no ring)
Will    .....        (no ring)
Stlth   ++           (no ring)
HPRegen 0.26/turn    (no ring)
MPRegen 0.16/turn    (no ring)
                     (no ring)

%: no passive effects
@: on blink cooldown
A: almost no armour, amphibious, 8 rings, camouflage 1, gelatinous body 1,
(nimble swimmer 1), tentacles
a: no special abilities


You were on level 3 of the Dungeon.
You visited 1 branch of the dungeon, and saw 5 of its levels.

You collected 261 gold pieces.

Inventory:

Missiles
 b - 7 boomerangs of dispersal
 e - 5 curare-tipped darts (quivered)
 j - a throwing net
Jewellery
 g - a +6 ring of strength (left tentacle)
 h - a ring of magical power (right tentacle)
Wands
 i - a wand of paralysis (2)
Scrolls
 a - 2 scrolls of blinking
 c - a scroll of teleportation
 l - a scroll of identify
Potions
 d - a potion of resistance
 f - 4 potions of brilliance


   Skills:
 - Level 2.0 Fighting
 - Level 1.0 Throwing
 - Level 2.3 Dodging
 - Level 6.0 Unarmed Combat
 + Level 2.8 Spellcasting
 + Level 1.9 Conjurations
 - Level 3.0 Translocations
 + Level 1.9 Fire Magic


You had 4 spell levels left.
You knew the following spells:

 Your Spells              Type           Power      Damage    Failure   Level
a - Blink                 Tloc           18%        N/A       11%         2
b - Sticky Flame          Conj/Fire      6%         2d3       71%         4

Your spell library contained the following spells:

 Spells                   Type           Power      Damage    Failure   Level
 Magic Dart               Conj           24%        1d4       11%         1
 Lesser Beckoning         Tloc           18%        N/A       11%         2
 Teleport Other           Tloc           9%         N/A       21%         3
 Slow                     Hex            4%         N/A       24%         1
 Call Imp                 Summ           2%         N/A       34%         2
 Vhi's Electric Charge    Tloc/Air       10%        N/A       36%         3
 Inner Flame              Hex/Fire       4%         N/A       43%         3
 Mephitic Cloud           Conj/Pois/Air  3%         N/A       47%         3
 Confusing Touch          Hex            1%         N/A       56%         3
 Vampiric Draining        Necr           1%         2d6       56%         3
 Manifold Assault         Tloc           9%         N/A       56%         4
 Flame Wave               Conj/Fire      6%         2d5       71%         4


Dungeon Overview and Level Annotations

Branches:
Dungeon (5/15)
 Temple: D:4-7

Altars:
Okawaru
Trog

Shops:
D:2 (

Annotations:
D:3 1 runed translucent door, Crazy Yiuf, Pikel


Innate Abilities, Weirdness & Mutations

You cannot wear most types of armour.
You are amphibious.
You can wear up to eight rings at the same time.
Your skin changes colour to match your surroundings (Stealth+).
Your rubbery body absorbs attacks. (AC +1, EV +1)
((You are camouflaged when in or above water. (Stealth+)))
You have tentacles for arms and can constrict up to eight enemies at once.


Message History

The iceblast engulfs you!!
Okay, then.
There is a stone staircase leading up here.
Pikel says, "You'll feel the lick of my whip!"
You climb upwards.
Level annotation: 1 runed translucent door, Crazy Yiuf You feel stable enough to blink again.
There is a stone staircase leading down here.
Magic restored.
HP restored.
You see here a +0 club.
There is an open door here.
Crazy Yiuf shouts!
(D) Dungeon
Where to? (Enter - D:5, ? - help)
There is an open door here.
You see here a +0 club.
There is a stone staircase leading down here.
You climb downwards.
Level annotation: Pikel The worm bites you!
There is a stone staircase leading up, spattered with blood here.
Pikel hits you with a +2 whip of flaming!
Pikel burns you. The worm bites you.
You climb upwards.
Level annotation: 1 runed translucent door, Crazy Yiuf
There is a stone staircase leading down here.
Casting: Blink (safe; 11% risk of failure)
Confirm with . or Enter, or press ? or * to list all spells.
You blink.
Pikel hits you with a +2 whip of flaming!
* * * LOW HITPOINT WARNING * * *
Pikel burns you.
* * * LOW HITPOINT WARNING * * *
Aiming: Paralyse
Press: ? - help, Shift-Dir - straight line, f - Pikel
Aim: Pikel, wielding a +2 whip of flaming, wearing a +0 robe and carrying a wand of iceblast (12) (chance to affect: 49%) Pikel resists with some effort.
Pikel hits you with a +2 whip of flaming!
You die...

#...+.♣♣♣♣P......
#...#♣..♣..P...#.
### ♣♣♣.♣...+.#.
♣♣♣♣♣##..+ ##..
### ##### ##...
#.# #.#.## ##....
#.#
#....####.....
#@#
#....)..'.....
#K#
#....####.....
#§###.#.## ##....
#.w.....# ##...
#####.### ##..
#.# ##+ #.# #.
#.# #. ####.##
##.


You could see Pikel and a worm.

Vanquished Creatures
  A lemure (D:4)
  A phantom (D:3)
  A hound (D:4)
  A gnoll bouda (D:4)
  2 jellies (D:4)
  Terence (D:2)
  Robin (D:1)
  4 adders
  5 gnolls (D:4)
  An ufetubus (D:4)
  6 worms
  A dart slug (D:1)
  7 orcs
  6 endoplasms
  A giant cockroach (D:1)
  4 hobgoblins
  4 jackals
  5 quokkas
  3 ball pythons (D:3)
  2 bats
  3 frilled lizards
  12 goblins
  6 kobolds
  6 rats
84 creatures vanquished.

Notes
Turn   | Place    | Note
-------+----------+-------------------------------------------
     0 | D:1      | frimble the Octopode Warper began the quest for the Orb.
     0 | D:1      | Reached XP level 1. HP: 14/14 MP: 3/3
    32 | D:1      | Found a faded altar of an unknown god.
   829 | D:1      | Reached XP level 2. HP: 19/19 MP: 5/5
   832 | D:1      | Learned a level 2 spell: Blink
   905 | D:2      | Noticed Robin
   912 | D:1      | Reached skill level 3 in Unarmed Combat
   978 | D:2      | Found Juxzy's Antique Weapon Boutique.
  1015 | D:2      | Noticed Terence
  1041 | D:2      | Killed Terence
  1042 | D:2      | Reached XP level 3. HP: 12/24 MP: 6/6
  1199 | D:1      | Reached skill level 4 in Unarmed Combat
  1283 | D:1      | Killed Robin
  1284 | D:1      | Reached XP level 4. HP: 26/29 MP: 7/7
  2253 | D:3      | Noticed a phantom
  2263 | D:3      | Reached skill level 5 in Unarmed Combat
  2264 | D:3      | Killed a phantom
  2265 | D:3      | Reached XP level 5. HP: 14/34 MP: 8/8
  2852 | D:3      | Found a bloodstained altar of Trog.
  2852 | D:3      | Found an iron altar of Okawaru.
  3042 | D:3      | Found a runed translucent door.
  3043 | D:3      | Noticed Crazy Yiuf
  3163 | D:3      | Learned a level 4 spell: Sticky Flame
  3203 | D:4      | Reached skill level 6 in Unarmed Combat
  3203 | D:4      | Reached XP level 6. HP: 29/39 MP: 9/9
  3359 | D:4      | HP: 1/39 [orc/+0 dagger (3)]
  3565 | D:4      | Reached skill level 1 in Fire Magic
  3592 | D:4      | Reached skill level 1 in Conjurations
  4293 | D:5      | Entered Level 5 of the Dungeon
  4293 | D:5      | Noticed Pikel
  4296 | D:5      | Noticed a black bear
  4723 | D:3      | Mangled by Pikel

Illustrated notes

Levels and vault maps discovered:
D:1:      tarquinn_simple_flora_water_b, layout_loops_ring, serial_bayou,
          serial_bayou_lagoon_a, serial_bayou_crossing, serial_bayou_shore_a,
          serial_bayou_shore_b, shapermc_ecumenical_altar_venn,
          serial_bayou_pond_e, chequers_hall_statues_y,
          minmay_misc_feat_nine_boxes
D:2:      layout_basic, serial_shops, shop,
          wander_ebering_terrifying_dragon_lair, uniq_robin, uniq_terence
D:3:      layout_loops_corners, grunt_temple_overflow_bloody_war,
          amcnicky_mini_corridor_feature, uniq_crazy_yiuf_cottage
D:4:      layout_basic, cheibrodos_sewer_entry_bend
D:5:      layout_cave_pools, mainiacjoe_overflow_24_doors,
          nemelex_dance_club_becter, minmay_temple_entry_large_hall,
          serial_shops, nicolae_shop_tiny_glass, st_stairs_8,
          guppyfry_shop_venom, uniq_pikel

Skill      XL: |  1  2  3  4  5  6 |
---------------+-------------------+-----
Unarmed Combat | 3 4 5 6 |  6.0
Fire Magic     | 1 |  1.9
Conjurations   | 1 |  1.9
Fighting       | |  2.0
Throwing       | |  1.0
Dodging        | |  2.3
Spellcasting   | |  2.8
Translocations | |  3.0

Action                     |  1- 3 |  4- 6 || total
---------------------------+-------+-------++-------
  Melee: Unarmed           |    41 |   173 ||   214
         Tentacles         |     8 |    42 ||    50
         Constrict         |     9 |    41 ||    50
         Punch             |     2 |     8 ||    10
  Throw: Dart              |     1 |       ||     1
   Cast: Blink             |     1 |     6 ||     7
  Evoke: Wand              |       |     3 ||     3
    Use: Scroll            |     2 |     7 ||     9
         Potion            |       |     3 ||     3
   Stab: Sleeping          |     3 |     9 ||    12
         Distracted        |       |     1 ||     1
         Paralysed         |       |     2 ||     2
 Armour: Skin              |       |     8 ||     8
  Dodge: Dodged            |    30 |   103 ||   133

Table legend: (Time is in decaauts)
 A = Elapsed time spent in this place.
 B = Non-inter-level travel time spent in this place.
 C = Inter-level travel time spent in this place.
 D = Time resting spent in this place.
 E = Time spent auto-exploring this place.
 F = Levels seen in this place.
 G = Mean time per level.
                   A        B        C        D        E       F      G
               +--------+--------+--------+--------+--------+-----+--------+
         Total |   4709 |   4508 |    201 |      0 |   3837 |   5 |  941.8 |
       Dungeon |   4709 |   4508 |    201 |      0 |   3837 |   5 |  941.8 |
               +--------+--------+--------+--------+--------+-----+--------+

Top non-repeatable levels by time:
     D:3: 1488 daAuts
     D:4: 1192 daAuts
     D:1: 1067 daAuts
     D:2: 941 daAuts
     D:5: 19 daAuts
